 Dungeon Crawl Stone Soup version 0.18.1-2-ga659475 (webtiles) character file.

2490 shmeve the Fighter (level 9, 0/82 HPs)
             Began as a Minotaur Berserker on May 9, 2016.
             Was an Elder of Trog.
             Slain by a vampire (7 damage)
             ... on level 9 of the Dungeon.
             The game lasted 00:12:29 (6643 turns).

shmeve the Fighter (Minotaur Berserker)             Turns: 6643, Time: 00:12:29

Health: 0/82       AC:  5    Str: 24    XL:     9   Next: 27%
Magic:  8/8        EV: 14    Int:  5    God:    Trog [****..]
Gold:   425        SH:  0    Dex: 10    Spells: 0 memorised, 8 levels left

rFire  . . .     SeeInvis .     E - +0 broad axe
rCold  . . .     Gourm    .     b - +0 animal skin
rNeg   + . .     Faith    .     (no shield)
rPois  .         Spirit   .     (helmet restricted)
rElec  .         Dismiss  .     f - +0 cloak
rCorr  .         Reflect  .     x - +0 pair of gloves
SustAt .         Harm     .     (no boots)
MR     +++++     Clarity  +     t - amulet of the Four Winds {rN+ MR+++ Clar}
Stlth  +.........               (no ring)
                                (no ring)

@: exhausted, regenerating, slowed, very slow, almost entirely resistant to
hostile enchantments, very unstealthy
A: retaliatory headbutt, horns 2
a: Berserk, Trog's Hand, Brothers in Arms, Burn Spellbooks, Renounce Religion


You were on level 9 of the Dungeon.
You worshipped Trog.
Trog was greatly pleased with you.
You were near starving.

You visited 1 branch of the dungeon, and saw 9 of its levels.

You collected 467 gold pieces.
You spent 42 gold pieces at shops.

Inventory:

Hand Weapons
 E - a +0 broad axe (weapon)
Armour
 b - a +0 animal skin (worn)
 f - a +0 cloak (worn)
 x - a +0 pair of gloves (worn)
Jewellery
 t - the amulet of the Four Winds (around neck) {rN+ MR+++ Clar}
   (You found it on level 4 of the Dungeon)

   [amulet of nothing]

   It protects you from negative energy.
   It affects your resistance to hostile enchantments.
   It protects you against confusion.
Wands
 s - a wand of digging (1/24)
Scrolls
 d - 6 scrolls of remove curse {unknown}
 j - 6 scrolls of teleportation {unknown}
 l - 8 scrolls of identify {unknown}
 n - 2 scrolls of noise {unknown}
 q - 3 scrolls of enchant armour {unknown}
 v - a scroll of recharging {unknown}
 w - a scroll of amnesia {unknown}
 y - a scroll of blinking {unknown}
Potions
 a - 4 potions of might {unknown}
 e - 3 potions of heal wounds {unknown}
 g - 5 potions of curing
 h - 4 potions of invisibility {unknown}
 m - 3 potions of magic {unknown}
 o - 2 potions of degeneration {unknown}
 r - 3 potions of berserk rage {unknown}
 u - a potion of agility {unknown}
 z - a potion of brilliance {unknown}
 A - a potion of ambrosia {unknown}
 C - a potion of mutation {unknown}
 D - a potion of flight {unknown}
Comestibles
 c - 6 bread rations
 i - 2 beef jerkies
 k - a chunk of flesh
 p - 2 slices of pizza
 B - 2 meat rations


   Skills:
 * Level 8.7 Fighting
 * Level 8.7 Axes
 + Level 4.6 Throwing
 + Level 6.2 Armour
 + Level 5.7 Dodging


You had 8 spell levels left.
You didn't know any spells.

Dungeon Overview and Level Annotations

Branches:
Dungeon (10/15)
 Temple: D:4-7         Lair: D:8-11         Orc: D:9-12

Altars:
Ashenzari
Dithmenos
Fedhas
Kikubaaqudgha
Nemelex Xobeh
Pakellas
Qazlal
Sif Muna
Vehumet
Xom
Zin
The Shining One

Shops:
D:5 !   D:6 [


Innate Abilities, Weirdness & Mutations

You reflexively headbutt those who attack you in melee.
You have a pair of horns on your head.


Message History

Trog accepts your kill.
Things that are here:
a war axe; a robe You feel a strong urge to attack something.
You are no longer berserk.
You are exhausted.
You feel yourself slow down.
You are near starving!
Something hits you!
* * * LOW HITPOINT WARNING * * *
Something bites you.
* * * LOW HITPOINT WARNING * * *
Something hits you.
* * * LOW HITPOINT WARNING * * *
Something bites you.
* * * LOW HITPOINT WARNING * * *
Your skin crawls.
You feel resistant to hostile enchantments.
You feel slightly more hungry. Something hits you!
You die...

...............
.................
.................
/................
.................
.................
............[....
.......@.........
.........>.......
....>.$)†........
......).†........
......)..........
.................
###......###.####
######## .# ..


There were no monsters in sight!

Vanquished Creatures
  A hippogriff (D:9)
  A wyvern (D:10)
  An ice beast (D:9)
  A sky beast (D:6)
  3 ogres
  A black bear (D:9)
  A phantom (D:4)
  2 centaurs
  A big kobold (D:10)
  6 giant frogs
  A scorpion (D:5)
  3 wights (D:9)
  A howler monkey (D:5)
  A centaur zombie (D:3)
  A giant frog zombie (D:7)
  2 quasits (D:5)
  2 giant frog skeletons (D:4)
  2 hounds
  A centaur skeleton (D:9)
  2 orc priests (D:4)
  3 iguanas
  2 orc wizards
  5 worker ants
  3 gnolls (D:5)
  A howler monkey skeleton (D:4)
  8 adders
  2 oozes
  An adder zombie (D:6)
  3 worms
  2 dart slugs (D:2)
  2 giant geckos (D:1)
  4 orcs
  A ball python (D:1)
  2 giant cockroaches
  8 goblins
  7 hobgoblins
  4 jackals
  12 kobolds
  3 quokkas
  8 bats
  5 giant newts
  3 rats
123 creatures vanquished.

Notes
Turn   | Place    | Note
--------------------------------------------------------------
     0 | D:1      | shmeve the Minotaur Berserker began the quest for the Orb.
     0 | D:1      | Reached XP level 1. HP: 19/19 MP: 0/0
   371 | D:1      | Reached XP level 2. HP: 17/27 MP: 1/1
   934 | D:1      | Reached skill level 1 in Throwing
  1224 | D:2      | Reached ** piety under Trog
  1252 | D:2      | Reached XP level 3. HP: 32/33 MP: 2/2
  1323 | D:2      | Found an ancient bone altar of Kikubaaqudgha.
  1697 | D:2      | Reached XP level 4. HP: 41/41 MP: 3/3
  1777 | D:3      | Found a sparkling altar of Nemelex Xobeh.
  2003 | D:3      | Found an oddly glowing altar of Pakellas.
  2017 | D:3      | Found a radiant altar of Vehumet.
  2027 | D:3      | Found a glowing golden altar of the Shining One.
  2040 | D:3      | Found a shimmering altar of Xom.
  2043 | D:3      | Found a shattered altar of Ashenzari.
  2325 | D:3      | Found a glowing silver altar of Zin.
  2325 | D:3      | Noticed an angel
  2476 | D:4      | Reached XP level 5. HP: 13/47 MP: 4/4
  2477 | D:4      | Reached skill level 5 in Fighting
  2482 | D:4      | Reached *** piety under Trog
  2696 | D:4      | Noticed an ogre
  2700 | D:4      | Killed an ogre
  2700 | D:4      | Reached skill level 5 in Axes
  2700 | D:4      | Reached XP level 6. HP: 35/56 MP: 5/5
  2999 | D:4      | Found a shadowy altar of Dithmenos.
  3161 | D:4      | Found an oddly glowing altar of Pakellas.
  3232 | D:4      | Reached XP level 7. HP: 39/63 MP: 6/6
  3628 | D:5      | Entered Level 5 of the Dungeon
  4812 | D:5      | Reached XP level 8. HP: 46/73 MP: 7/7
  5174 | D:5      | Found Ommaege's Distillery.
  5177 | D:5      | Bought a potion of curing for 42 gold pieces
  5282 | D:6      | Reached skill level 5 in Armour
  5336 | D:6      | Found Doecounkiss's Armour Shop.
  5384 | D:6      | Found a blossoming altar of Fedhas.
  5388 | D:6      | Found a stormy altar of Qazlal.
  5934 | D:7      | Found a deep blue altar of Sif Muna.
  5939 | D:7      | Reached skill level 5 in Dodging
  6536 | D:7      | You fall through a shaft for 3 floors!
  6536 | D:10     | Entered Level 10 of the Dungeon
  6631 | D:9      | Reached XP level 9. HP: 82/82 MP: 8/8
  6635 | D:9      | Reached **** piety under Trog
  6643 | D:9      | Slain by a vampire

Skill      XL: |  1  2  3  4  5  6  7  8  9 |
---------------+----------------------------+-----
Fighting       | 4 5 6 7 8 |  8.7
Axes           | 4 5 6 8 |  8.7
Throwing       | 1 2 3 4 |  4.6
Armour         | 3 4 5 6 |  6.2
Dodging        | 3 4 5 |  5.7

Action                   |  1- 3 |  4- 6 |  7- 9 || total
-------------------------+-------+-------+-------++-------
Melee: Hand axe          |    61 |       |       ||    61
       Headbutt          |    12 |    18 |    24 ||    54
       War axe           |    22 |    72 |   110 ||   204
       Broad axe         |       |       |    31 ||    31
Invok: Trog's Hand       |       |     2 |     2 ||     4
       Berserk           |       |       |     4 ||     4
 Stab: Sleeping          |     1 |       |       ||     1
  Eat: Chunk             |     2 |     6 |    13 ||    21
Armor: Animal skin       |    18 |    18 |    50 ||    86
Dodge: Dodged            |    51 |    54 |   126 ||   231
